 Dungeon Crawl Stone Soup version 0.20-a0-689-g860b9ab (webtiles) character file.

112 graki42 the Magician (level 4, 0/24 HPs)
             Began as a Deep Elf Fire Elementalist on Feb 19, 2017.
             Killed from afar by an orc wizard (9 damage)
             ... with a magic dart
             ... on level 3 of the Dungeon.
             The game lasted 00:07:47 (2616 turns).

graki42 the Magician (Deep Elf Fire Elementalist)   Turns: 2616, Time: 00:07:48

Health: 0/24       AC:  3    Str:  6    XL:     4   Next: 63%
Magic:  5/12       EV: 13    Int: 20    God:
Gold:   112        SH:  0    Dex: 15    Spells: 4/11 levels left

rFire    . . .     SeeInvis .   (no weapon)
rCold    . . .     Gourm    .   a - +0 robe
rNeg     . . .     Faith    .   (no shield)
rPois    .         Spirit   .   (no helmet)
rElec    .         Reflect  .   j - +0 cloak
rCorr    .         Harm     .   (no gloves)
MR       .....                  (no boots)
Stlth    ++........             (no amulet)
Regen    0.1/turn               (no ring)
MPRegen  0.2/turn               (no ring)

@: no status effects
A: no striking features
a: no special abilities


You were on level 3 of the Dungeon.
You were hungry.

You visited 1 branch of the dungeon, and saw 3 of its levels.

You collected 112 gold pieces.

Inventory:

Armour
 a - a +0 robe (worn)
 j - a +0 cloak (worn)
Scrolls
 e - a scroll of remove curse {unknown}
 g - a scroll of random uselessness {unknown}
 h - 2 scrolls of magic mapping {unknown}
 i - a scroll of fear {unknown}
 n - 3 scrolls of identify {unknown}
 o - a scroll of recharging {unknown}
 p - a scroll of immolation {unknown}
 q - 2 scrolls of teleportation {unknown}
Potions
 d - 2 potions of curing
 l - 2 potions of haste {unknown}
 m - a potion of agility {unknown}
 r - a potion of lignification {unknown}
Books
 b - a book of Flames

   Spells                             Type                      Level
   a - Flame Tongue                   Conjuration/Fire             1
   b - Throw Flame                    Conjuration/Fire             2
   c - Conjure Flame                  Conjuration/Fire             3
   d - Inner Flame                    Hexes/Fire                   3
   e - Sticky Flame                   Conjuration/Fire             4
   f - Fireball                       Conjuration/Fire             5
Comestibles
 c - 2 bread rations
 f - 3 meat rations
 k - a royal jelly


   Skills:
 + Level 0.2 Fighting
 + Level 2.9 Dodging
 + Level 3.0 Stealth
 + Level 4.4 Spellcasting
 + Level 1.9 Conjurations
 + Level 4.3 Fire Magic


You had 4 spell levels left.
You knew the following spells:

 Your Spells              Type           Power        Failure   Level  Hunger
a - Flame Tongue          Conj/Fire      ###..        3%          1    None
b - Conjure Flame         Conj/Fire      ###.....     12%         3    ###....
c - Inner Flame           Hex/Fire       ##......     17%         3    ###....


Dungeon Overview and Level Annotations

Branches:
Dungeon (3/15)

Altars:


Message History

A puff of flame appears from out of thin air!
The puff of flame hits you!
Casting: Flame Tongue
Confirm with . or Enter, or press ? or * to list all spells.
Aiming: Flame Tongue
Press: ? - help, Shift-Dir - straight line, f/p - leopard gecko
Aim: a leopard gecko (clinging)
The flame tongue hits something.
Casting: Flame Tongue
Confirm with . or Enter, or press ? or * to list all spells.
You don't know that spell.
You are feeling hungry.
A magic dart appears from out of thin air!
The magic dart hits you!
Unknown command.
A puff of flame appears from out of thin air!
The puff of flame misses you.
A magic dart appears from out of thin air!
The magic dart hits you!
You die...

#.# ######.### #.......
#.# #........# #.######
#.# #<##.....#### #.#
#.####.###<......## #.#
#.........#.#.###.###.#
######.##.#.#.# #.....#
#........###.#####
######.##...## #@######
#.# #.# #.# ####.###
#......###
#....oo{o###########
#......#l##........#
#......#.##.######.#


You could see an orc.

Vanquished Creatures
  An orc priest (D:3)
  3 adders
  An ooze (D:2)
  4 orcs (D:3)
  6 bats
  3 giant cockroaches
  7 goblins
  A hobgoblin (D:1)
  5 jackals
  A quokka (D:2)
  A ball python (D:1)
  5 frilled lizards
  2 kobolds (D:1)
  8 rats
48 creatures vanquished.

Notes
Turn   | Place    | Note
-------+----------+-------------------------------------------
     0 | D:1      | graki42 the Deep Elf Fire Elementalist began the quest for the Orb.
     0 | D:1      | Reached XP level 1. HP: 10/10 MP: 6/6
   302 | D:1      | Reached XP level 2. HP: 15/15 MP: 5/8
   950 | D:2      | Reached XP level 3. HP: 19/19 MP: 5/9
  1477 | D:2      | Learned a level 3 spell: Conjure Flame
  1481 | D:2      | Learned a level 3 spell: Inner Flame
  1979 | D:3      | Reached XP level 4. HP: 15/24 MP: 8/12
  2616 | D:3      | Killed from afar by an orc wizard

Vault maps used:
D:1:      minmay_arrival_four_circles, serial_glass, glass_columns_c,
          glass_columns_a, glass_columns_b, glass_columns_a, glass_columns_a,
          glass_columns_b, glass_columns_b, glass_columns_c
D:3:      minmay_misc_feat_chi

Skill      XL: |  1  2  3  4 |
---------------+-------------+-----
Fire Magic     | 4 |  4.3
Spellcasting   | 4 |  4.4
Stealth        | 3 |  3.0
Fighting       | |  0.2
Dodging        | |  2.9
Conjurations   | |  1.9

Action                   |  1- 3 |  4- 6 || total
-------------------------+-------+-------++-------
 Cast: Flame Tongue      |    71 |    19 ||    90
       Inner Flame       |     2 |     2 ||     4
       Conjure Flame     |     2 |     1 ||     3
  Use: Potion            |     1 |       ||     1
  Eat: Chunk             |     3 |     2 ||     5
Armor: Robe              |     8 |       ||     8
Dodge: Dodged            |    37 |     6 ||    43
